 Dungeon Crawl Stone Soup version 0.29.1-1-gd02db6906a (webtiles) character file.

Game seed: 14143623727473390310

112 Earthwalker the Covered (level 4, -1/40 HPs)
             Began as a Minotaur Fighter on Oct 9, 2022.
             Slain by an orc
             ... wielding a +0 trident
              (3 damage)
             ... on level 3 of the Dungeon.
             The game lasted 00:06:49 (1945 turns).

Earthwalker the Covered (Minotaur Fighter)          Turns: 1945, Time: 00:06:49

Health: -1/40      AC: 10    Str: 20    XL:     4   Next: 64%
Magic:  3/3        EV: 10    Int:  5    God:
Gold:   136        SH:  0    Dex: 12    Spells: 3/3 levels left

rFire   . . .      SeeInvis .   a - +0 trident (protect)
rCold   + . .      Faith    .   c - +0 buckler
rNeg    . . .      Spirit   .   e - +2 ring mail {rC+}
rPois   .          Reflect  .   (helmet restricted)
rElec   .          Harm     .   f - scarf {+Inv}
rCorr   .          Rampage  .   (no gloves)
Will    .....                   k - +1 pair of boots
Stlth   ..........              (no amulet)
HPRegen 0.13/turn               (no ring)
MPRegen 0.08/turn               (no ring)

@: confused
A: horns 2, retaliatory headbutt
a: Evoke Invisibility


You were on level 3 of the Dungeon.
You visited 1 branch of the dungeon, and saw 3 of its levels.

You collected 136 gold pieces.

Inventory:

Hand Weapons
 a - a +0 trident of protection (weapon)
Missiles
 n - 4 boomerangs (quivered)
Armour
 b - a +0 scale mail
 c - a +0 buckler (worn)
 e - a +2 ring mail of cold resistance (worn)
 f - a scarf of invisibility (worn)
 k - a +1 pair of boots (worn)
Scrolls
 h - a scroll of butterflies {unknown}
 l - 3 scrolls of teleportation
Potions
 d - a potion of might
 g - a potion of attraction
 i - a potion of mutation
 o - a potion of magic
 p - a potion of flight {unknown}
 r - a potion of ambrosia {unknown}
 s - 2 potions of curing {unknown}
 v - a potion of cancellation {unknown}


   Skills:
 * Level 4.2 Fighting
 * Level 3.7 Polearms
 * Level 4.5 Armour
 * Level 1.4 Dodging
 * Level 0.2 Stealth
 * Level 4.3 Shields


You had 3 spell levels left.
You didn't know any spells.
Your spell library contained the following spells:

 Spells                   Type           Power      Damage    Failure   Level
 Apportation              Tloc           0%         N/A       75%         1
 Summon Small Mammal      Summ           0%         N/A       75%         1
 Call Canine Familiar     Summ           0%         N/A       98%         3
 Summon Guardian Golem    Hex/Summ       0%         N/A       98%         3
 Alistair's Intoxication  Tmut/Pois      0%         N/A       100%        5


Dungeon Overview and Level Annotations

Branches:
Dungeon (3/15)

Altars:
Uskayaw


Innate Abilities, Weirdness & Mutations

You have a pair of horns on your head.
You reflexively headbutt those who attack you in melee.


Message History

You see here a scroll of teleportation.
A puff of flame appears from out of thin air!
The puff of flame hits you.
* * * LOW HITPOINT WARNING * * *
You bump into the rock wall.
You bump into the rock wall.
The orc completely misses you.
You bump into the rock wall.
The orc closely misses you. Something hits you but does no damage.
You bump into the rock wall.
You feel less confused. Something hits you but does no damage.
The orc hits you but does no damage. Something hits you.
* * * LOW HITPOINT WARNING * * *
You miss something. Your headbutt misses something.
Something hits you but does no damage. The orc hits you but does no damage.
You barely miss something. Your headbutt misses something.
Something hits you but does no damage. You block the orc's attack.
You miss something. Your headbutt misses something.
Something hits you but does no damage. You block the orc's attack.
You miss something. Something hits you.
* * * LOW HITPOINT WARNING * * *
The orc hits you but does no damage.
You barely miss something. Your headbutt misses something.
Something hits you but does no damage.
The orc hits you from afar with a +0 trident.
* * * LOW HITPOINT WARNING * * *
You hear some strange, mumbled words.
You are confused.
You bump into the rock wall.
You closely miss something. Something hits you but does no damage.
The orc closely misses you. The orc hits you but does no damage.
You hear some strange, mumbled words.
A magic dart appears from out of thin air!
The magic dart hits you.
* * * LOW HITPOINT WARNING * * *
You miss something. Your headbutt misses something.
Something hits you but does no damage. The orc barely misses you.
You bump into the rock wall.
Something completely misses you.
The orc hits you from afar with a +0 trident.
You die...

##
#########.##
.......@{#.#
#####.###o# #
#.# #. #o#
#.###?#
#.....#
#..#..#
##.###.######
#...#.......#


You could see an orc.

Vanquished Creatures
  3 gnolls (D:2)
  2 adders (D:3)
  3 dart slugs
  2 orcs (D:3)
  2 ball pythons
  3 bats (D:1)
  6 endoplasms
  2 giant cockroaches (D:1)
  2 goblins
  5 hobgoblins
  4 jackals (D:1)
  2 kobolds
  4 quokkas
  6 frilled lizards
  8 rats
54 creatures vanquished.

Notes
Turn   | Place    | Note
-------+----------+-------------------------------------------
     0 | D:1      | Earthwalker the Minotaur Fighter began the quest for the
                  | Orb.
     0 | D:1      | Reached XP level 1. HP: 19/19 MP: 0/0
    93 | D:1      | Reached XP level 2. HP: 13/27 MP: 1/1
   938 | D:1      | Reached XP level 3. HP: 33/33 MP: 2/2
  1345 | D:2      | Found a faded altar of an unknown god.
  1424 | D:2      | Reached skill level 1 in Dodging
  1636 | D:2      | Reached XP level 4. HP: 38/40 MP: 3/3
  1749 | D:3      | Found a hide-covered altar of Uskayaw.
  1943 | D:3      | HP: 1/40 [something/magic dart (5)]
  1945 | D:3      | Slain by an orc

Illustrated notes

Levels and vault maps discovered:
D:1:      dpeg_arrival_round_a, layout_loops_corners
D:2:      layout_rooms, basic_ecumenical_altar
D:3:      layout_loops_ring, old_standard_altar, serial_shops,
          nicolae_shop_waterfront

Skill      XL: |  1  2  3 |
---------------+----------+-----
Armour         | 4 |  4.5
Fighting       | 4 |  4.2
Shields        | 4 |  4.3
Dodging        | 1 |  1.4
Polearms       | 3 |  3.7
Stealth        | |  0.2

Action                   |  1- 3 |  4- 6 || total
-------------------------+-------+-------++-------
Melee: Trident           |    79 |    34 ||   113
       Headbutt          |    18 |     2 ||    20
  Use: Scroll            |       |     9 ||     9
Armor: Ring mail         |    29 |    37 ||    66
Dodge: Dodged            |    39 |    16 ||    55
Block: Buckler           |    21 |    13 ||    34
